 Dungeon Crawl Stone Soup version 0.29.1-15-g9cfb28693d (webtiles) character file.

Game seed: 8848184353256196289

134 javelincjr the Magician (level 4, -1/33 HPs)
             Began as a Demonspawn Hedge Wizard on Apr 7, 2023.
             Was a Follower of Vehumet.
             Slain by a gnoll
             ... wielding a +0 spear
             ... led by a gnoll bouda
              (6 damage)
             ... on level 4 of the Dungeon.
             The game lasted 00:07:03 (3638 turns).

javelincjr the Magician (Demonspawn Hedge Wizard)   Turns: 3638, Time: 00:07:04

Health: -1/33      AC:  3    Str: 13    XL:     4   Next: 95%
Magic:  7/9        EV: 12    Int: 15    God:    Vehumet [*.....]
Gold:   213        SH:  0    Dex: 12    Spells: 4/10 levels left

rFire   . . .      SeeInvis .   a - +0 dagger
rCold   . . .      Faith    .   (no shield)
rNeg    . . .      Spirit   .   b - +0 robe
rPois   .          Reflect  .   c - +0 hat
rElec   .          Harm     .   (no cloak)
rCorr   .          Rampage  .   m - +0 pair of gloves
Will    .....                   (no boots)
Stlth   ++........              (no amulet)
HPRegen 0.11/turn               (no ring)
MPRegen 0.11/turn               (no ring)

@: no status effects
A: demonic touch 2
a: Renounce Religion


You were on level 4 of the Dungeon.
You worshipped Vehumet.
Vehumet was aware of your devotion.
You visited 1 branch of the dungeon, and saw 4 of its levels.

You collected 213 gold pieces.

Inventory:

Hand Weapons
 a - a +0 dagger (weapon)
Armour
 b - a +0 robe (worn)
 c - a +0 hat (worn)
 m - a +0 pair of gloves (worn)
 q - a +0 ring mail of cold resistance
Scrolls
 f - 2 scrolls of magic mapping {unknown}
 g - a scroll of blinking {unknown}
 h - 2 scrolls of identify {unknown}
 j - 2 scrolls of teleportation {unknown}
 l - 2 scrolls of butterflies {unknown}
 o - a scroll of vulnerability {unknown}
 r - a scroll of enchant weapon {unknown}
 s - a scroll of summoning {unknown}
 u - a scroll of amnesia {unknown}
Potions
 d - a potion of magic
 e - 3 potions of lignification {unknown}
 i - 2 potions of heal wounds {unknown}
 k - 2 potions of brilliance {unknown}
 n - a potion of invisibility {unknown}
 p - 2 potions of haste {unknown}
 t - 2 potions of ambrosia {unknown}
 v - 2 potions of degeneration {unknown}


   Skills:
 * Level 1.8 Fighting
 + Level 1.0 Armour
 + Level 2.2 Dodging
 - Level 1.7 Stealth
 * Level 3.6 Spellcasting
 + Level 1.7 Conjurations
 + Level 2.0 Summonings
 + Level 1.5 Translocations


You had 4 spell levels left.
You knew the following spells:

 Your Spells              Type           Power      Damage    Failure   Level
a - Magic Dart            Conj           28%        1d4       10%         1
b - Call Imp              Summ           8%         N/A       12%         2
c - Blink                 Tloc           14%        N/A       16%         2
d - Shock                 Conj/Air       20%        1d4       13%         1

Your spell library contained the following spells:

 Spells                   Type           Power      Damage    Failure   Level
 Slow                     Hex            8%         N/A       19%         1
 Conjure Flame            Conj/Fire      5%         6-21      36%         3
 Mephitic Cloud           Conj/Pois/Air  4%         N/A       41%         3
 Summon Forest            Summ/Tloc      4%         N/A       94%         5
 Eringya's Noxious Bog    Tmut/Pois      1%         N/A       100%        6
 Summon Hydra             Summ           4%         N/A       100%        7


Dungeon Overview and Level Annotations

Branches:
Dungeon (4/15)
 Temple: D:4-7

Altars:
Vehumet

Shops:
D:2 =


Innate Abilities, Weirdness & Mutations

Your touch may inflict irresistible damage on your foes.


Message History

The gnoll bouda hits you with a +0 club.
There is a stone staircase leading up here.
Casting: Call Imp (safe; 12% risk of failure)
Confirm with . or Enter, or press ? or * to list all spells.
A shadowy apparition takes form in the air.
The gnoll bouda barks out a call to the hunt!
The gnoll picks up the pace!
The gnoll barely misses you.
You hit the gnoll bouda but do no damage.
The gnoll bouda hits you with a +0 club.
The gnoll closely misses you.
Casting: Call Imp (safe; 12% risk of failure)
Confirm with . or Enter, or press ? or * to list all spells.
Okay, then.
You closely miss the gnoll bouda.
The gnoll bouda gazes fiercely through you!
You feel your attacks grow feeble. The gnoll bouda barely misses you.
The gnoll hits you from afar with a +0 spear.
You hit the gnoll bouda.
The gnoll bouda is lightly wounded.
The gnoll bouda misses you.
The gnoll hits you from afar with a +0 spear.
Your shadow imp barely misses the gnoll bouda.
You barely miss the gnoll bouda.
You touch the gnoll bouda!
The gnoll bouda is severely wounded.
The gnoll bouda hits you with a +0 club!
The gnoll closely misses you.
Your shadow imp hits the gnoll bouda.
You hit the gnoll bouda but do no damage.
The gnoll bouda is severely wounded.
The gnoll bouda hits you with a +0 club.
* * * LOW HITPOINT WARNING * * *
The gnoll barely misses you.
Your shadow imp hits the gnoll bouda.
Your attacks no longer feel as feeble.
The gnoll bouda prays to its god.
The gnoll bouda is healed somewhat.
The gnoll hits you from afar with a +0 spear.
* * * LOW HITPOINT WARNING * * *
The gnoll hits you from afar with a +0 spear.
You die...

####........#
...........##
..........# .........##
###....÷..#
#..##..#######
##.....##.#...####
#..###.5gg..##..^.....#
#......@.g#.#...#'###.##
..#......##.#...#.###..#
#.....##..#####..###.#
.......##...g.......##.#
...........⌠g.>5.⌠.....#
.......##.......g...####
....... ##..#####g.##
...#..g ##.# #.## .#...#
#+# #'#


You could see a gnoll bouda (ally target), 3 gnolls and a friendly shadow imp
(summoned).

Vanquished Creatures
  2 gnolls (D:4)
  4 adders
  A worm (D:2)
  A dart slug (D:1)
  3 orcs
  3 ball pythons
  6 bats
  2 endoplasms (D:2)
  A giant cockroach (D:1)
  4 goblins
  6 hobgoblins
  4 jackals (D:3)
  4 frilled lizards
  2 kobolds
43 creatures vanquished.

Vanquished Creatures (collateral kills)
  Terence (D:3)
1 creature vanquished.

Grand Total: 44 creatures vanquished

Notes
Turn   | Place    | Note
-------+----------+-------------------------------------------
     0 | D:1      | javelincjr the Demonspawn Hedge Wizard began the quest for
                  | the Orb.
     0 | D:1      | Reached XP level 1. HP: 13/13 MP: 4/4
   242 | D:1      | Reached skill level 1 in Translocations
   345 | D:1      | Gained mutation: Your touch may inflict minor irresistible
                  | damage on your foes. [demonic ancestry]
   345 | D:1      | Reached XP level 2. HP: 20/20 MP: 0/6
   874 | D:1      | Learned a level 2 spell: Call Imp
   877 | D:1      | Learned a level 2 spell: Blink
  1575 | D:2      | Found Goodgh's Jewellery Shop.
  1645 | D:2      | Reached skill level 1 in Fighting
  1720 | D:2      | Reached XP level 3. HP: 26/26 MP: 1/7
  2284 | D:3      | Noticed Terence
  2331 | D:3      | Killed Terence
  2332 | D:3      | Gained mutation: Your touch may inflict irresistible damage
                  | on your foes. [demonic ancestry]
  2332 | D:3      | Reached XP level 4. HP: 17/32 MP: 1/9
  2770 | D:3      | Found a faded altar of an unknown god.
  2773 | D:3      | Prayed at the altar of an unknown god.
  2773 | D:3      | Became a worshipper of Vehumet
  2773 | D:3      | Reached * piety under Vehumet
  2773 | D:3      | Offered knowledge of Shock by Vehumet.
  2776 | D:3      | Learned a level 1 spell: Shock
  3179 | D:4      | Reached skill level 1 in Armour
  3638 | D:4      | Slain by a gnoll

Illustrated notes

Levels and vault maps discovered:
D:1:      ncdulo_watergridlock, layout_basic
D:2:      layout_rooms, serial_shops, shop
D:3:      layout_rooms, shapermc_ecumenical_altar_mp_vishouse,
          minmay_misc_feat_columns, uniq_terence
D:4:      minmay_evil_eye, layout_cave_pools, grunt_ministairs_15,
          kennysheep_generic_room_3, uniq_pikel

Skill      XL: |  1  2  3  4 |
---------------+-------------+-----
Translocations | 1 |  1.5
Dodging        | 2 |  2.2
Fighting       | 1 |  1.8
Summonings     | 2 |  2.0
Armour         | 1 |  1.0
Stealth        | |  1.7
Spellcasting   | |  3.6
Conjurations   | |  1.7

Action                   |  1- 3 |  4- 6 || total
-------------------------+-------+-------++-------
Melee: Dagger            |    32 |    48 ||    80
       Touch             |     8 |    10 ||    18
 Cast: Magic Dart        |    61 |     1 ||    62
       Call Imp          |     2 |     3 ||     5
       Blink             |     1 |       ||     1
       Shock             |       |    21 ||    21
Armor: Robe              |     6 |     6 ||    12
Dodge: Dodged            |    24 |    40 ||    64
